 Dungeon Crawl Stone Soup version 0.20.1-1-g8b1a95d (webtiles) character file.

5158 mike2R the Arsonist (level 10, 0/56 HPs)
             Began as a Deep Elf Fire Elementalist on July 16, 2017.
             Was an Initiate of Gozag.
             Slain by appiemonkey's ghost (18 damage)
             ... on level 8 of the Dungeon.
             The game lasted 01:18:40 (9950 turns).

mike2R the Arsonist (Deep Elf Fire Elementalist)    Turns: 9950, Time: 01:18:41

Health: 0/56       AC:  8    Str:  9    XL:     10   Next: 33%
Magic:  21/30      EV: 17    Int: 29    God:    Gozag
Gold:   118        SH:  6    Dex: 23    Spells: 0/22 levels left

rFire    . . .     SeeInvis .   h - +0 rapier (venom)
rCold    + . .     Gourm    .   l - +0 buckler
rNeg     . . .     Faith    .   k - +1 leather armour of the Quahog {*Corrode Str+4 Dex+4}
rPois    .         Spirit   .   y - +0 helmet
rElec    .         Reflect  .   A - +0 cloak
rCorr    .         Harm     .   I - +0 pair of gloves
MR       +....                  (no boots)
Stlth    +++.......             (no amulet)
Regen    0.2/turn               E - ring "Roashross" {rC+ Dex+4 Stlth+}
MPRegen  0.3/turn               j - ring of magical power

@: brilliant
A: no striking features
a: Potion Petition, Call Merchant, Bribe Branch, Renounce Religion


You were on level 8 of the Dungeon.
You worshipped Gozag.
Gozag was aware of your devotion.
You were not hungry.

You visited 1 branch of the dungeon, and saw 8 of its levels.

You collected 1704 gold pieces.
You spent 1586 gold pieces at shops.

Inventory:

Hand Weapons
 a - a +2 morningstar of protection
 b - a +0 blowgun
 h - a +0 rapier of venom (weapon)
Missiles
 J - 6 poisoned needles
 L - 3 javelins (quivered)
Armour
 k - the +1 leather armour of the Quahog (worn) {*Corrode Str+4 Dex+4}
   (You found it on level 4 of the Dungeon)

   It affects your strength (+4).
   It affects your dexterity (+4).
   It may corrode you when you take damage.
 l - a +0 buckler (worn)
 y - a +0 helmet (worn)
 A - a +0 cloak (worn)
 I - a +0 pair of gloves (worn)
Magical Staves
 w - an uncursed staff of cold
Jewellery
 j - a ring of magical power (right hand)
 m - an uncursed ring of poison resistance
 E - the ring "Roashross" (left hand) {rC+ Dex+4 Stlth+}
   (You bought it in a shop on level 5 of the Dungeon)

   [ring of stealth]

   It affects your dexterity (+4).
   It protects you from cold.
   It makes you more stealthy.
 M - an uncursed ring of flight
Wands
 i - a wand of confusion (27/48)
 t - a wand of random effects (3/48)
 u - a wand of iceblast (2/15)
 B - a wand of random effects (48/48)
 G - a wand of scattershot (2/9)
 O - a wand of digging (18/24)
 P - a wand of flame (26/48)
Scrolls
 p - a scroll of identify
 C - 4 scrolls of teleportation
 D - 2 scrolls of recharging
 K - a scroll of remove curse
Potions
 d - a potion of berserk rage {unknown}
 e - 2 potions of mutation {unknown}
 f - 3 potions of cancellation
 g - 4 potions of curing
 n - a potion of agility {unknown}
 o - 2 potions of heal wounds {unknown}
 q - 2 potions of resistance
 r - 3 potions of might
 x - 2 potions of haste
 z - a potion of brilliance
 N - a potion of ambrosia {unknown}
Books
 F - a book of Necromancy

   Spells                             Type                      Level
   a - Pain                           Necromancy                   1
   b - Animate Skeleton               Necromancy                   1
   c - Vampiric Draining              Necromancy                   3
   d - Regeneration                   Charms/Necromancy            3
   e - Animate Dead                   Necromancy                   4
   f - Control Undead                 Necromancy                   4
 H - a book of Flames

   Spells                             Type                      Level
   a - Flame Tongue                   Conjuration/Fire             1
   b - Throw Flame                    Conjuration/Fire             2
   c - Conjure Flame                  Conjuration/Fire             3
   d - Inner Flame                    Hexes/Fire                   3
   e - Sticky Flame                   Conjuration/Fire             4
   f - Fireball                       Conjuration/Fire             5
Comestibles
 c - 9 bread rations
 s - 6 royal jellies
 v - 6 meat rations


   Skills:
 - Level 3.7 Fighting
 - Level 3.7 Armour
 - Level 6.4 Dodging
 - Level 2.4 Stealth
 - Level 5.0 Shields
 - Level 6.5 Spellcasting
 + Level 7.7 Conjurations
 - Level 2.4 Necromancy
 + Level 8.5 Fire Magic


You couldn't memorise any spells.
You knew the following spells:

 Your Spells              Type           Power        Failure   Level  Hunger
a - Flame Tongue          Conj/Fire      #####        1%          1    None
b - Throw Flame           Conj/Fire      ######       1%          2    None
c - Conjure Flame         Conj/Fire      ######..     1%          3    None
d - Inner Flame           Hex/Fire       ######..     1%          3    None
e - Sticky Flame          Conj/Fire      ######..     1%          4    ###....
f - Fireball              Conj/Fire      ######....   1%          5    #####..
g - Animate Skeleton      Necr           N/A          1%          1    None
h - Vampiric Draining     Necr           #####.....   1%          3    None


Dungeon Overview and Level Annotations

Branches:
Dungeon (8/15)             Temple (0/1) D:5
   Lair: D:8-11

Altars:
Ashenzari
Cheibriados
Dithmenos
Gozag
Hepliaklqana
Kikubaaqudgha
Makhleb
Nemelex Xobeh
Qazlal
Vehumet
Xom
Yredelemnul
The Shining One

Shops:
D:5 =   D:6 *(   D:8 *

Annotations:
D:4 Overlord's ghost, amateur DsBe
D:8 appiemonkey's ghost, novice TrHu


Message History

Appiemonkey's ghost is lightly damaged.
You block appiemonkey's ghost's attack.
Things that are here:
a scale mail; a hand axe You block appiemonkey's ghost's attack.
You see here a dagger.
There is a stone staircase leading up here.
You feel clever all of a sudden. Appiemonkey's ghost hits you!!
Casting: Sticky Flame
Confirm with . or Enter, or press ? or * to list all spells.
Aiming: Sticky Flame
Press: ? - help, Shift-Dir - straight line, f/p - appiemonkey's ghost
Aim: appiemonkey's ghost (lightly damaged)
The sticky flame hits appiemonkey's ghost.
Appiemonkey's ghost is lightly damaged.
Appiemonkey's ghost closely misses you. Appiemonkey's ghost hits you!!
You die...
Your body crumbles into a pile of gold.

##### #######...#
#.....#...# #.........#
#......)..##
######.....#############
#..................
#....#.####>.......
#.@..#.####........
##W.##.#.........##
#).)....#######.##
#..#.))## #...
#....[.#### ####
##..##.....#
#....(..[#.#
##.[......#.#
###.........#.####


You could see appiemonkey's ghost.

Vanquished Creatures
  A two-headed ogre (D:8)
  Prince Ribbit (D:7)
  Sigmund (D:2)
  A wyvern (D:8)
  Menkaure (D:7)
  Duvessa (D:7)
  A black bear (D:8)
  2 necrophages
  2 ice beasts
  3 orc warriors
  2 sky beasts
  3 ogres
  2 centaurs (D:7)
  3 big kobolds
  Blork the orc (D:5)
  9 bullfrogs
  Dowan (D:7)
  A scorpion (D:6)
  4 killer bees (D:7)
  A howler monkey (D:8)
  2 crimson imps
  A bullfrog zombie (D:8)
  A centaur zombie (D:6)
  6 orc wizards
  4 hounds
  3 jellies
  8 orc priests
  A bullfrog skeleton (D:5)
  4 iguanas
  2 worker ants
  A hound zombie (D:6)
  A worker ant zombie (D:8)
  7 gnolls
  11 adders
  3 shadow imps
  An ooze (D:6)
  An adder skeleton (D:5)
  An adder zombie (D:8)
  A worm (D:3)
  3 dart slugs
  6 leopard geckos
  27 orcs
  11 giant cockroaches
  12 goblins
  13 hobgoblins
  28 jackals
  3 quokkas
  A ball python (D:2)
  4 bats
  5 frilled lizards
  18 kobolds
  4 rats
235 creatures vanquished.

Notes
Turn   | Place    | Note
-------+----------+-------------------------------------------
     0 | D:1      | mike2R the Deep Elf Fire Elementalist began the quest for the Orb.
     0 | D:1      | Reached XP level 1. HP: 10/10 MP: 6/6
   318 | D:1      | Reached XP level 2. HP: 15/15 MP: 4/8
   322 | D:1      | Learned a level 2 spell: Throw Flame
   958 | D:1      | Reached XP level 3. HP: 17/19 MP: 1/10
  1053 | D:1      | Learned a level 3 spell: Conjure Flame
  1057 | D:1      | Learned a level 3 spell: Inner Flame
  1137 | D:2      | Found a shimmering altar of Xom.
  1185 | D:2      | Noticed Sigmund
  1672 | D:2      | Reached skill level 4 in Fire Magic
  1801 | D:2      | Found a faded altar of an unknown god.
  1808 | D:2      | Became a worshipper of Gozag Ym Sagoz the Greedy
  2042 | D:2      | Killed Sigmund
  2042 | D:2      | Reached skill level 5 in Spellcasting
  2042 | D:2      | Reached XP level 4. HP: 20/24 MP: 4/13
  2042 | D:2      | Reached XP level 5. HP: 24/28 MP: 4/14
  2048 | D:2      | Learned a level 4 spell: Sticky Flame
  2371 | D:3      | Found a shattered altar of Ashenzari.
  2423 | D:3      | Found a radiant altar of Vehumet.
  2585 | D:3      | Reached skill level 5 in Fire Magic
  2655 | D:3      | Reached XP level 6. HP: 32/32 MP: 16/16
  3172 | D:4      | Found a burning altar of Makhleb.
  3172 | D:4      | Found a stormy altar of Qazlal.
  3172 | D:4      | Found an ancient bone altar of Kikubaaqudgha.
  3240 | D:4      | Found a sparkling altar of Nemelex Xobeh.
  3307 | D:4      | Noticed Overlord's ghost (amateur DsBe)
  3674 | D:4      | Got a transparent leather armour
  3685 | D:4      | Identified the cursed +1 leather armour of the Quahog {*Corrode Str+4 Dex+4} (You found it on level 4 of the Dungeon)
  4373 | D:4      | Reached XP level 7. HP: 34/36 MP: 13/18
  4482 | D:5      | Entered Level 5 of the Dungeon
  4530 | D:5      | Found a basalt altar of Yredelemnul.
  4593 | D:5      | Found a hazy altar of Hepliaklqana.
  4665 | D:5      | Learned a level 5 spell: Fireball
  4711 | D:5      | Reached skill level 5 in Conjurations
  4711 | D:5      | Reached skill level 6 in Fire Magic
  4766 | D:5      | Found a staircase to the Ecumenical Temple.
  4798 | D:5      | Noticed Blork the orc
  4806 | D:5      | Killed Blork the orc
  4903 | D:5      | Found Gete's Jewellery Shoppe.
  4908 | D:5      | Bought the ring "Roashross" {rC+ Dex+4 Stlth+} for 518 gold pieces
  5380 | D:5      | Reached skill level 7 in Fire Magic
  5485 | D:6      | Found a radiant altar of Vehumet.
  5494 | D:6      | Reached XP level 8. HP: 41/41 MP: 19/19
  5502 | D:6      | Found Vitem's Evil Emporium.
  5606 | D:6      | Found a basalt altar of Yredelemnul.
  5615 | D:6      | Bought a book of Necromancy for 330 gold pieces
  5617 | D:6      | Learned a level 1 spell: Animate Skeleton
  5691 | D:6      | Reached skill level 1 in Shields
  6659 | D:6      | Found Wemirph's Antique Weapon Shoppe.
  6868 | D:6      | Reached skill level 5 in Shields
  7007 | D:6      | Reached XP level 9. HP: 37/46 MP: 20/20
  7066 | D:7      | Found Itzaasan's Food Emporium.
  7068 | D:7      | Noticed Menkaure
  7287 | D:7      | Reached skill level 1 in Fighting
  7287 | D:7      | Reached skill level 1 in Armour
  7385 | D:7      | Noticed Duvessa
  7390 | D:7      | Killed Duvessa
  7391 | D:7      | Noticed Dowan
  7395 | D:7      | Killed Dowan
  7644 | D:7      | Bought a bread ration for 50 gold pieces
  7644 | D:7      | Bought a bread ration for 50 gold pieces
  7988 | D:7      | Killed Menkaure
  7988 | D:7      | Reached skill level 5 in Dodging
  8154 | D:7      | Found a snail-covered altar of Cheibriados.
  8156 | D:7      | Found a glowing golden altar of the Shining One.
  8156 | D:7      | Found a shadowy altar of Dithmenos.
  8325 | D:7      | Noticed Prince Ribbit
  8329 | D:7      | Killed Prince Ribbit
  9020 | D:8      | Reached XP level 10. HP: 56/56 MP: 15/21
  9025 | D:8      | Learned a level 3 spell: Vampiric Draining
  9104 | D:8      | Reached skill level 1 in Necromancy
  9221 | D:8      | Noticed appiemonkey's ghost (novice TrHu)
  9628 | D:7      | Bought a bread ration for 50 gold pieces
  9628 | D:7      | Bought a royal jelly for 20 gold pieces
  9628 | D:7      | Bought a meat ration for 50 gold pieces
  9628 | D:7      | Bought a bread ration for 50 gold pieces
  9628 | D:7      | Bought a meat ration for 50 gold pieces
  9628 | D:7      | Bought a royal jelly for 20 gold pieces
  9628 | D:7      | Bought a royal jelly for 20 gold pieces
  9628 | D:7      | Bought a meat ration for 50 gold pieces
  9628 | D:7      | Bought a royal jelly for 20 gold pieces
  9628 | D:7      | Bought a royal jelly for 20 gold pieces
  9778 | D:8      | Found Leehus's Assorted Antiques.
  9782 | D:8      | Bought a scroll labeled HURATERIGERR for 32 gold pieces
  9782 | D:8      | Bought a brass wand for 128 gold pieces
  9782 | D:8      | Bought a glass wand for 128 gold pieces
  9848 | D:8      | Noticed a two-headed ogre
  9866 | D:8      | Killed a two-headed ogre
  9866 | D:8      | Reached skill level 8 in Fire Magic
  9950 | D:8      | Slain by appiemonkey's ghost

Skill      XL: |  1  2  3  4  5  6  7  8  9 10 |
---------------+-------------------------------+-----
Conjurations   | 2 3 4 6 7 |  7.7
Spellcasting   | 5 6 |  6.5
Fire Magic     | 4 5 7 8 |  8.5
Shields        | 5 |  5.0
Fighting       | 3 |  3.7
Armour         | 3 |  3.7
Dodging        | 6 |  6.4
Necromancy     | 2 |  2.4
Stealth        | |  2.4

Action                   |  1- 3 |  4- 6 |  7- 9 | 10-12 || total
-------------------------+-------+-------+-------+-------++-------
Melee: Whip              |     2 |       |       |       ||     2
       Short sword       |     4 |     2 |       |       ||     6
       Rapier            |       |     3 |       |       ||     3
       Morningstar       |       |       |    46 |    33 ||    79
Throw: Stone             |     1 |       |       |       ||     1
       Tomahawk          |       |       |     1 |       ||     1
 Cast: Flame Tongue      |    57 |    68 |    72 |    17 ||   214
       Throw Flame       |    16 |    44 |   125 |    30 ||   215
       Conjure Flame     |     1 |     7 |     7 |     1 ||    16
       Sticky Flame      |       |     7 |    30 |    12 ||    49
       Inner Flame       |       |     7 |     9 |       ||    16
       Fireball          |       |       |     1 |     2 ||     3
       Vampiric Draining |       |       |       |     1 ||     1
Evoke: Wand              |       |       |    10 |     4 ||    14
  Use: Scroll            |       |    12 |     6 |     1 ||    19
       Potion            |       |       |       |     1 ||     1
 Stab: Sleeping          |       |     1 |     2 |       ||     3
  Eat: Chunk             |     3 |       |       |       ||     3
       Royal jelly       |       |     5 |     2 |       ||     7
       Meat ration       |       |       |     3 |     1 ||     4
Armor: Robe              |     3 |     1 |       |       ||     4
       Leather armour    |       |     1 |    30 |    13 ||    44
Dodge: Dodged            |     9 |    17 |    78 |    46 ||   150
Block: Buckler           |       |       |     4 |    18 ||    22
